 Dungeon Crawl Stone Soup version 0.22-a0-803-gd6d8abeff0 (webtiles) character file.

724 Mirvelgyr the Chopper (level 7, 0/93 HPs)
             Began as a Minotaur Berserker on July 22, 2018.
             Was a Priest of Trog.
             Slain by Grinder (10 damage)
             ... on level 5 of the Dungeon.
             The game lasted 00:04:55 (3606 turns).

Mirvelgyr the Chopper (Minotaur Berserker)          Turns: 3606, Time: 00:04:56

Health: 0/93       AC:  2    Str: 26    XL:     7   Next: 43%
Magic:  0/6        EV: 14    Int:  4    God:    Trog [***...]
Gold:   129        SH:  0    Dex: 12    Spells: 6/6 levels left

rFire    + . .     SeeInvis .   v - +1 hand axe (chop)
rCold    + . .     Gourm    .   (no shield)
rNeg     + . .     Faith    .   b - +0 animal skin
rPois    .         Spirit   +   (helmet restricted)
rElec    .         Reflect  .   x - scarf {rC+ rF+}
rCorr    .         Harm     .   (no gloves)
MR       ++...                  (no boots)
Stlth    ..........             w - amulet of guardian spirit
HPRegen  1.25/turn              h - ring of positive energy
MPRegen  0.10/turn              (no ring)

@: berserking, very slightly contaminated, starving, regenerating, very quick
A: retaliatory headbutt, horns 2
a: Berserk, Trog's Hand, Renounce Religion


You were on level 5 of the Dungeon.
You worshipped Trog.
Trog was most pleased with you.
You were starving.

You visited 1 branch of the dungeon, and saw 5 of its levels.

You collected 129 gold pieces.

Inventory:

Hand Weapons
 u - a +0 war axe
 v - a +1 hand axe of chopping (weapon)
Armour
 b - a +0 animal skin (worn)
 x - a scarf of resistance (worn)
Jewellery
 h - a ring of positive energy (left hand)
 w - an amulet of guardian spirit (around neck)
 y - a cursed ring of teleportation {unknown}
Scrolls
 f - 3 scrolls of teleportation
 i - 3 scrolls of remove curse
 k - 2 scrolls of fear {unknown}
 l - 7 scrolls of identify {unknown}
 n - a scroll of enchant weapon {unknown}
 o - 2 scrolls of amnesia {unknown}
Potions
 a - a potion of degeneration {unknown}
 d - 2 potions of might {unknown}
 g - a potion of heal wounds {unknown}
 m - a potion of flight {unknown}
 p - a potion of berserk rage {unknown}
 q - a potion of invisibility {unknown}
 r - a potion of mutation {unknown}
 s - a potion of magic {unknown}
 t - a potion of agility {unknown}
Comestibles
 c - 10 rations


   Skills:
 + Level 5.7 Fighting
 * Level 7.1 Axes
 + Level 5.0 Armour
 + Level 4.4 Dodging


You had 6 spell levels left.
You didn't know any spells.
Your spell library was empty.

Dungeon Overview and Level Annotations

Branches:
Dungeon (5/15)
 Temple: D:4-7

Altars:
Makhleb

Annotations:
D:5 Grinder


Innate Abilities, Weirdness & Mutations

You reflexively headbutt those who attack you in melee.
You have a pair of horns on your head.


Message History

You feel a bit more experienced.
You miss Dowan. Your headbutt misses Dowan.
Dowan is heavily wounded.
Dowan hits you but does no damage. Grinder gestures at you.
You resist with almost no effort.
You slash Dowan!
You kill Dowan!
Trog accepts your kill.
Trog appreciates your killing of a magic user.
Your Axes skill increases to level 7!
Your Armour skill increases to level 5!
You closely miss the orc wizard. You closely miss the orc wizard.
Your headbutt misses the orc wizard. The orc wizard barely misses you.
You slash the orc wizard!
You kill the orc wizard!
Trog accepts your kill.
Trog appreciates your killing of a magic user.
You hit Grinder but do no damage. Grinder hits you!
You die...

#
#.#.#######
#.....5...#
#....l)@..#
#.....))..#
.........$#
#...b.....#
#b........#
..#########
.


You could see Grinder and a frilled lizard.

Vanquished Creatures
  Duvessa (D:5)
  A sky beast (D:5)
  Dowan (D:5)
  3 killer bees (D:3)
  2 hounds (D:4)
  A bullfrog skeleton (D:4)
  2 orc wizards (D:5)
  Robin (D:3)
  6 adders
  4 oozes
  3 worms
  3 dart slugs
  2 leopard geckos
  4 orcs
  7 bats
  5 giant cockroaches
  23 goblins
  11 hobgoblins
  6 jackals
  3 quokkas
  A frilled lizard (D:1)
  12 kobolds
  6 rats
108 creatures vanquished.

Notes
Turn   | Place    | Note
-------+----------+-------------------------------------------
     0 | D:1      | Mirvelgyr the Minotaur Berserker began the quest for the Orb.
     0 | D:1      | Reached XP level 1. HP: 19/19 MP: 0/0
    88 | D:1      | Reached XP level 2. HP: 19/27 MP: 1/1
    97 | D:1      | Reached skill level 4 in Axes
   587 | D:1      | Reached ** piety under Trog
   587 | D:1      | Reached XP level 3. HP: 33/33 MP: 2/2
  1194 | D:2      | Found a faded altar of an unknown god.
  1380 | D:2      | Reached XP level 4. HP: 30/40 MP: 3/3
  1892 | D:3      | Reached skill level 5 in Axes
  1928 | D:3      | Reached XP level 5. HP: 18/47 MP: 4/4
  2268 | D:3      | Reached XP level 6. HP: 50/55 MP: 5/5
  2270 | D:3      | Noticed Robin
  2280 | D:3      | Killed Robin
  2281 | D:3      | Reached *** piety under Trog
  2449 | D:3      | Reached skill level 5 in Fighting
  2616 | D:3      | Reached skill level 6 in Axes
  3184 | D:4      | Found a burning altar of Makhleb.
  3535 | D:5      | Entered Level 5 of the Dungeon
  3561 | D:5      | Noticed a sky beast
  3574 | D:5      | Killed a sky beast
  3594 | D:5      | Noticed Duvessa
  3594 | D:5      | Noticed Dowan
  3597 | D:5      | Noticed Grinder
  3600 | D:5      | Reached XP level 7. HP: 6/61 MP: 0/6
  3601 | D:5      | Killed Duvessa
  3604 | D:5      | Killed Dowan
  3604 | D:5      | Reached skill level 7 in Axes
  3604 | D:5      | Reached skill level 5 in Armour
  3606 | D:5      | Slain by Grinder

Vault maps used:
D:1:      dpeg_arrival_simpleton_b, st_stairs_14
D:2:      chequers_ecumenical_altar_simple
D:3:      first_ration, uniq_robin
D:4:      makhleb_heckhound_becter
D:5:      minmay_temple_entry_butterflies, nicolae_ossuary_entry_plus,
          uniq_grinder, uniq_blork_the_orc, uniq_duvessa

Skill      XL: |  1  2  3  4  5  6  7 |
---------------+----------------------+-----
Axes           | 4 5 6 7 |  7.1
Fighting       | 4 5 |  5.7
Armour         | 3 4 5 |  5.0
Dodging        | 3 4 |  4.4

Action                   |  1- 3 |  4- 6 |  7- 9 || total
-------------------------+-------+-------+-------++-------
Melee: Hand axe          |   104 |   100 |     6 ||   210
       Headbutt          |    11 |    12 |     2 ||    25
       War axe           |       |    45 |       ||    45
Invok: Berserk           |     1 |     2 |       ||     3
       Trog's Hand       |       |     2 |       ||     2
  Use: Scroll            |       |     4 |       ||     4
 Stab: Sleeping          |     2 |     3 |       ||     5
  Eat: Chunk             |     3 |     7 |       ||    10
Armor: Animal skin       |    30 |    20 |     1 ||    51
Dodge: Dodged            |    57 |    98 |     3 ||   158

Table legend:
 A = Spawn XP
 B = Non-spawn XP
 C = Spawn XP percentage of total XP
 D = Spawn monster count
 E = Non-spawn monster count
 F = Spawn count percentage of total count
 G = Total turns spent on level
                    A         B        C        D         E        F      G
               +---------+---------+-------+---------+---------+-------+---------
         Total |       0 |    1035 |   0.0 |       0 |     108 |   0.0 |  3606
               +---------+---------+-------+---------+---------+-------+---------
           D:1 |       0 |      64 |   0.0 |       0 |      29 |   0.0 |  1102
           D:2 |       0 |      90 |   0.0 |       0 |      24 |   0.0 |   771
           D:3 |       0 |     316 |   0.0 |       0 |      40 |   0.0 |  1015
           D:4 |       0 |     134 |   0.0 |       0 |       7 |   0.0 |   647
           D:5 |       0 |     431 |   0.0 |       0 |       8 |   0.0 |    71
               +---------+---------+-------+---------+---------+-------+---------
